 Dungeon Crawl Stone Soup version 0.31-a0-271-gb88eb75e06 (webtiles) character file.

Game seed: 7729616630856137812

257 voltaire321 the Stinger (level 5, 0/15 HPs)
             Began as a Demonspawn Venom Mage on July 15, 2023.
             Slain by an iron imp (8 damage)
             ... on level 4 of the Dungeon.
             The game lasted 00:08:49 (2240 turns).

voltaire321 the Stinger (Demonspawn Venom Mage)     Turns: 2240, Time: 00:08:49

Health: 0/15       AC: 20    Str: 10    XL:     5   Next: 93%
Magic:  9/9        EV: 13    Int: 22    God:
Gold:   209        SH:  0    Dex: 14    Spells: 5/10 levels left

rFire   . . .        t - +2 dagger (elec)
rCold   . . .        (no shield)
rNeg    + . .        k - melded +0 robe {rC+}
rPois   ∞            (no helmet)
rElec   +            w - scarf {repulsion}
rCorr   .            (gloves currently unavailable)
SInv    .            (boots currently unavailable)
Will    .....        (no amulet)
Stlth   ++           o - +6 ring of intelligence
HPRegen 0.22/turn    (no ring)
MPRegen 0.11/turn

%: repel missiles
@: statue-form, very slow
A: slow and powerful, torment resistance 1, reduced hp, rugged brown scales 1,
powered by pain 1
a: Begin Untransformation


You were on level 4 of the Dungeon.
You were a living statue of rough stone.
You visited 1 branch of the dungeon, and saw 4 of its levels.

You collected 209 gold pieces.

Inventory:

Hand Weapons
 t - a +2 dagger of electrocution (weapon)
Missiles
 d - 6 poisoned darts
Armour
 k - a +0 robe of cold resistance (melded)
 w - a scarf of repulsion (worn)
Magical Staves
 c - a staff of earth
Jewellery
 o - a +6 ring of intelligence (left fist)
Talismans
 i - a granite talisman
Wands
 q - a wand of mindburst (15)
Scrolls
 a - a scroll of teleportation {unknown}
 e - 2 scrolls of identify {unknown}
 g - a scroll of brand weapon {unknown}
 l - a scroll of vulnerability {unknown}
 n - a scroll of amnesia {unknown}
 r - a scroll of summoning {unknown}
 s - a scroll of enchant armour {unknown}
 u - a scroll of immolation {unknown}
 v - a scroll of revelation {unknown}
Potions
 b - a potion of magic
 f - a potion of heal wounds {unknown}
 h - a potion of attraction {unknown}
 j - 5 potions of mutation {unknown}
 m - a potion of ambrosia {unknown}
 p - a potion of might {unknown}


   Skills:
 + Level 2.3 Fighting
 + Level 2.1 Armour
 + Level 3.0 Dodging
 - Level 1.7 Stealth
 + Level 3.0 Spellcasting
 - Level 1.0 Transmutations
 + Level 3.9 Poison Magic


You had 5 spell levels left.
You knew the following spells:

 Your Spells              Type           Power      Damage    Failure   Level
a - Sting                 Tmut/Pois      56%        1d5       4%          1
b - Olgreb's Toxic Radia  Pois           20%        N/A       24%         4

Your spell library contained the following spells:

 Spells                   Type           Power      Damage    Failure   Level
 Poisonous Vapours        Pois/Air       24%        N/A       9%          2
 Apportation              Tloc           6%         N/A       12%         1
 Necrotise                Necr           12%        1d4       12%         1
 Summon Small Mammal      Summ           12%        N/A       12%         1
 Mephitic Cloud           Conj/Pois/Air  9%         N/A       22%         3
 Alistair's Intoxication  Tmut/Pois      9%         N/A       77%         5
 Borgnjor's Vile Clutch   Necr/Erth      1%         N/A       98%         5
 Eringya's Noxious Bog    Tmut/Pois      7%         4d6       100%        6
 Chain Lightning          Conj/Air       1%         3d2       100%        9
 Fire Storm               Conj/Fire      1%         8d1       100%        9
 Shatter                  Erth           1%         3d6*      100%        9


Dungeon Overview and Level Annotations

Branches:
Dungeon (4/15)
 Temple: D:4-7

Altars:
Cheibriados
Kikubaaqudgha
Okawaru


Innate Abilities, Weirdness & Mutations

You are a living statue of rough stone.
Your actions are slow, but your melee attacks are powerful.
You are resistant to unholy torment.
Your maximum health is decreased, since you lack skill for your form.
Your equipment is partially melded.
You are immune to poison.
(You are partially covered in rugged brown scales. (AC +1, +3% HP))
You sometimes gain a little power by taking damage.


Message History

The iron imp hits you.
You barely miss the iron imp.
The iron imp is moderately wounded.
The iron imp misses you.
You hit the iron imp but do no damage.
The iron imp is moderately wounded.
The iron imp hits you but does no damage.
You hit the iron imp.
The iron imp is heavily wounded.
The iron imp hits you but does no damage.
You hit the iron imp but do no damage.
The iron imp is heavily wounded.
The iron imp misses you. The iron imp barely misses you.
You closely miss the iron imp.
The iron imp is heavily wounded.
The iron imp barely misses you.
You barely miss the iron imp.
The iron imp is heavily wounded.
The iron imp hits you but does no damage.
You puncture the iron imp!
The iron imp is almost dead.
The iron imp hits you.
You hit the iron imp but do no damage.
The iron imp is almost dead.
The iron imp hits you but does no damage.
You barely miss the iron imp.
The iron imp is almost dead.
The iron imp hits you but does no damage.
The iron imp barely misses you.
You hit the iron imp but do no damage.
The iron imp is almost dead.
The iron imp barely misses you.
You barely miss the iron imp.
The iron imp is almost dead.
The iron imp closely misses you.
You completely miss the iron imp.
The iron imp is almost dead.
The iron imp hits you!
Ouch! That really hurt!
You die...

###..##....###.....
##...........##.....
........##..#......
#......##......... #
#.....#..........
#..##.........#......
#......)....#####....
...####.##...# ....
##.8##.#..## ....
#.##5#.#.... .##.
#.#..#.#..... #
#.#<_#.#.......
#.####.#...##..
##....##...# #.
######


You could see an iron imp.

Vanquished Creatures
  2 howler monkeys
  A jelly (D:3)
  An iguana (D:3)
  4 gnolls (D:2)
  4 adders
  2 dart slugs
  5 orcs (D:3)
  2 bats
  5 endoplasms
  2 giant cockroaches
  2 goblins
  4 hobgoblins
  4 jackals (D:1)
  4 kobolds
  2 quokkas
  A ball python (D:2)
  5 frilled lizards
  5 rats
55 creatures vanquished.

Notes
Turn   | Place    | Note
-------+----------+-------------------------------------------
     0 | D:1      | voltaire321 the Demonspawn Venom Mage began the quest for
                  | the Orb.
     0 | D:1      | Reached XP level 1. HP: 13/13 MP: 3/3
   243 | D:1      | Reached skill level 1 in Transmutations
   311 | D:1      | Gained mutation: You sometimes gain a little power by
                  | taking damage. [demonic ancestry]
   311 | D:1      | Reached XP level 2. HP: 20/20 MP: 1/5
   887 | D:2      | Reached skill level 1 in Fighting
   887 | D:2      | Gained mutation: You are partially covered in rugged brown
                  | scales. (AC +1, +3% HP) [demonic ancestry]
   887 | D:2      | Reached XP level 3. HP: 8/26 MP: 2/6
   908 | D:2      | Reached skill level 1 in Armour
  1048 | D:2      | Reached XP level 4. HP: 4/32 MP: 1/7
  1372 | D:3      | Reached XP level 5. HP: 15/39 MP: 2/9
  1721 | D:3      | Noticed a great orb of eyes
  1728 | D:3      | Found a faded altar of an unknown god.
  1733 | D:3      | Noticed a great orb of eyes
  1733 | D:3      | Noticed a golden eye
  1733 | D:3      | Noticed an eye of devastation
  1781 | D:3      | Found an ancient bone altar of Kikubaaqudgha.
  1793 | D:3      | Learned a level 4 spell: Olgreb's Toxic Radiance
  2125 | D:4      | Found an iron altar of Okawaru.
  2220 | D:4      | Found a snail-covered altar of Cheibriados.
  2240 | D:4      | Slain by an iron imp

Illustrated notes

Levels and vault maps discovered:
D:1:      lightli_arrival_boilingwater, layout_loops_ring,
          hangedman_decor_slide_cut
D:2:      layout_rooms, ebering_dispersal_statue_hall
D:3:      layout_basic, kiku_gazebo_pond_becter,
          hellmonk_ecumenical_altar_watching_god
D:4:      layout_layer_cave, okawaru_gym_becter, chei_slow_surprise,
          nicolae_nh_ransacked_shop

Skill      XL: |  1  2  3  4  5 |
---------------+----------------+-----
Transmutations | 1 |  1.0
Dodging        | 2 3 |  3.0
Fighting       | 1 2 |  2.3
Armour         | 1 2 |  2.1
Spellcasting   | 3 |  3.0
Stealth        | |  1.7
Poison Magic   | |  3.9

Action                     |  1- 3 |  4- 6 || total
---------------------------+-------+-------++-------
  Melee: Staff             |    80 |    25 ||   105
         Punch             |     1 |       ||     1
         Dagger            |       |    40 ||    40
   Cast: Sting             |    33 |    44 ||    77
   Stab: Sleeping          |       |     1 ||     1
 Armour: Robe              |     9 |     1 ||    10
         Skin              |    20 |    32 ||    52
  Dodge: Dodged            |    53 |    51 ||   104
   Form: Statue            |     1 |     1 ||     2
                           |       |     1 ||     1

Table legend: (Time is in decaauts)
 A = Elapsed time spent in this place.
 B = Non-inter-level travel time spent in this place.
 C = Inter-level travel time spent in this place.
 D = Time resting spent in this place.
 E = Time spent auto-exploring this place.
 F = Levels seen in this place.
 G = Mean time per level.
                   A        B        C        D        E       F      G
               +--------+--------+--------+--------+--------+-----+--------+
         Total |   2928 |   2900 |     28 |    120 |   1905 |   4 |  732.0 |
       Dungeon |   2928 |   2900 |     28 |    120 |   1905 |   4 |  732.0 |
               +--------+--------+--------+--------+--------+-----+--------+

Top non-repeatable levels by time:
     D:3: 1089 daAuts
     D:1: 944 daAuts
     D:2: 698 daAuts
     D:4: 196 daAuts
